 Dungeon Crawl Stone Soup version 0.30-a0-883-g5ad918d77d (webtiles) character file.

Game seed: 16348913163629533455

1041 hikkokomori the Ducker (level 8, -4/62 HPs)
             Began as a Merfolk Gladiator on Mar 17, 2023.
             Was an Initiate of Okawaru.
             Killed by divine providence
             ... invoked by an orc priest
              (12 damage)
             ... on level 5 of the Dungeon.
             The game lasted 00:08:48 (4116 turns).

hikkokomori the Ducker (Merfolk Gladiator)          Turns: 4116, Time: 00:08:48

Health: -4/62      AC: 12    Str: 14    XL:     8   Next: 25%
Magic:  8/8        EV: 13    Int:  8    God:    Okawaru [......]
Gold:   343        SH:  0    Dex: 17    Spells: 3/7 levels left

rFire   . . .      SeeInvis .    l - +1 short sword (venom)
rCold   . . .      Faith    .    (no shield)
rNeg    . . .      Spirit   .    M - +0 ring mail
rPois   .          Reflect  .    c - +0 helmet
rElec   .          Rampage  .    n - +0 cloak
rCorr   .                        (no gloves)
Will    .....                    y - +0 pair of boots
Stlth   ++                       K - amulet of regeneration
HPRegen 1.10/turn                L - +4 ring of protection
MPRegen 0.11/turn                (no ring)

@: no status effects
A: (nimble swimmer 2), mertail
a: Renounce Religion


You were on level 5 of the Dungeon.
You worshipped Okawaru.
Okawaru was noncommittal.
You visited 2 branches of the dungeon, and saw 6 of its levels.

You collected 343 gold pieces.

Inventory:

Hand Weapons
 a - a +0 long sword
 l - a +1 short sword of venom (weapon)
 q - a +2 spear of venom
 w - a +3 short sword
 x - a +4 short sword of holy wrath
Missiles
 d - 5 throwing nets (quivered)
 H - 4 poisoned darts
 I - a javelin
Armour
 b - a +0 leather armour
 c - a +0 helmet (worn)
 i - a +0 chain mail
 n - a +0 cloak (worn)
 y - a +0 pair of boots (worn)
 J - the scarf of Impressiveness {-Cast rC+ Stlth+}
   (You found it on level 4 of the Dungeon)

   rC:        It protects you from cold.
   -Cast:     It prevents spellcasting.
   Stlth:     It makes you more stealthy.
 M - a +0 ring mail (worn)
Magical Staves
 h - a staff of cold
 p - a staff of earth
Jewellery
 k - a ring of ice
 F - an amulet of guardian spirit
 K - an amulet of regeneration (around neck)
 L - a +4 ring of protection (left hand)
 N - an amulet of faith
Wands
 e - a wand of paralysis (7)
Scrolls
 f - 3 scrolls of teleportation {unknown}
 g - a scroll of fear {unknown}
 j - 2 scrolls of immolation {unknown}
 m - 2 scrolls of vulnerability {unknown}
 r - a scroll of summoning {unknown}
 s - a scroll of enchant weapon {unknown}
 t - a scroll of enchant armour {unknown}
 v - a scroll of fog {unknown}
 D - 4 scrolls of identify {unknown}
Potions
 o - 2 potions of curing
 u - a potion of invisibility {unknown}
 z - a potion of flight {unknown}
 A - 2 potions of cancellation {unknown}
 B - a potion of mutation {unknown}
 C - a potion of experience {unknown}
 E - 2 potions of brilliance {unknown}
 G - a potion of resistance {unknown}


   Skills:
 + Level 5.1 Fighting
 + Level 1.2(4.0) Short Blades
 - Level 6.0(6.1) Long Blades
 - Level 4.4 Throwing
 - Level 6.5 Dodging
 + Level 4.0 Stealth
 + Level 1.5 Poison Magic
 + Level 1.3 Evocations


You had 3 spell levels left.
You knew the following spells:

 Your Spells              Type           Power      Damage    Failure   Level
a - Olgreb's Toxic Radia  Pois           2%         N/A       99%         4

Your spell library contained the following spells:

 Spells                   Type           Power      Damage    Failure   Level
 Sting                    Tmut/Pois      4%         1d3       54%         1
 Poisonous Vapours        Pois/Air       2%         N/A       69%         2
 Blink                    Tloc           0%         N/A       80%         2
 Manifold Assault         Tloc           0%         N/A       100%        4
 Storm Form               Tmut/Air       0%         N/A       100%        7


Dungeon Overview and Level Annotations

Branches:
Dungeon (5/15)             Temple (1/1) D:5

Altars:
Fedhas
Okawaru
Ru
Trog
Wu Jian
Yredelemnul
Zin


Innate Abilities, Weirdness & Mutations

((You are very nimble when in or above water. (Stealth+, EV+, Speed+++)))
Your lower body shifts to a powerful aquatic tail in water.


Message History

You hit the orc priest.
The orc priest is moderately wounded.
You completely miss the orc priest.
The orc priest is severely wounded.
The orc priest hits you but does no damage.
The orc priest hits you with a +0 war axe.
Unknown command.
You closely miss the orc priest.
You kill the orc priest!
Okawaru accepts your kill. The orc priest misses you.
Unknown command.
You hit the orc priest.
The orc priest is poisoned.
The orc priest is lightly wounded.
The orc priest hits you but does no damage.
Unknown command.
You closely miss the orc priest.
The orc priest is moderately wounded.
The orc priest looks satisfied for a moment.
Unknown command.
You barely miss the orc priest.
The orc priest is moderately wounded.
You closely miss the orc priest.
The orc priest is moderately wounded.
The orc priest calls down the wrath of Beogh upon you.
Beogh smites you!
You barely miss the orc priest.
The orc priest is heavily wounded.
The orc priest calls down the wrath of Beogh upon you.
Beogh smites you!
* * * LOW HITPOINT WARNING * * *
You hit the orc priest but do no damage.
The orc priest looks as sick as possible!
The orc priest is severely wounded.
The orc priest drinks a potion.
The orc priest is healed!
Unknown command.
You barely miss the orc priest.
The orc priest mumbles some strange prayers to Beogh against you.
Beogh smites you!
You die...

.....# #.>.)#
....##....##
#########.#..##...##
..............##..##
.......##.#.#...#.##
####......#.#....#
#...........'.....
#######.##.######.#...#.
......)@.............<..
......o..#.######.#.....
.........#.# #.#.#.#.
.........#.# #.......
.........#.# ###.#.#.
.........#.# #.#.#.
######.#.#.# #.#)#.
#.#.#.# #.#)#. #.#.#.


You could see an orc priest (extremely poisoned).

Vanquished Creatures
  Pikel (D:4)
  An ice beast (D:5)
  Blork the orc (D:4)
  A scorpion (D:4)
  An orc priest (D:5)
  A gnoll bouda (D:5)
  An iguana (D:5)
  An orc wizard (D:5)
  Robin (D:4)
  5 adders
  8 gnolls
  An ufetubus (D:5)
  2 worms (D:2)
  A dart slug (D:4)
  12 orcs
  8 ball pythons
  8 endoplasms
  3 giant cockroaches
  11 hobgoblins
  4 jackals (D:3)
  5 kobolds
  5 quokkas
  6 bats
  A frilled lizard (D:3)
  13 goblins
  8 rats
110 creatures vanquished.

Notes
Turn   | Place    | Note
-------+----------+-------------------------------------------
     0 | D:1      | hikkokomori the Merfolk Gladiator began the quest for the
                  | Orb.
     0 | D:1      | Reached XP level 1. HP: 16/16 MP: 1/1
   170 | D:1      | Reached XP level 2. HP: 23/23 MP: 2/2
   514 | D:1      | Reached XP level 3. HP: 28/28 MP: 3/3
  1296 | D:2      | Reached XP level 4. HP: 23/34 MP: 4/4
  1641 | D:2      | Found a faded altar of an unknown god.
  1857 | D:2      | Found an ornate altar of the Wu Jian Council.
  2204 | D:3      | Identified the +1 mace "Raesax Zuth" {heavy, Str+4}
  2689 | D:4      | Noticed Pikel
  2690 | D:4      | Noticed Blork the orc
  2690 | D:4      | Noticed a lemure
  2690 | D:4      | Noticed a lemure
  2700 | D:4      | Noticed a lemure
  2801 | D:4      | Reached skill level 5 in Dodging
  2844 | D:4      | Reached XP level 5. HP: 41/41 MP: 5/5
  3056 | D:4      | Killed Blork the orc
  3057 | D:4      | Reached skill level 1 in Stealth
  3057 | D:4      | Reached XP level 6. HP: 20/48 MP: 6/6
  3270 | D:4      | Reached skill level 5 in Long Blades
  3326 | D:4      | Identified the scarf of Impressiveness {-Cast rC+ Stlth+}
  3395 | D:4      | Killed Pikel
  3396 | D:4      | Reached XP level 7. HP: 41/55 MP: 7/7
  3495 | D:4      | Noticed Robin
  3517 | D:4      | Killed Robin
  3739 | D:4      | Learned a level 4 spell: Olgreb's Toxic Radiance
  3758 | D:5      | Entered Level 5 of the Dungeon
  3774 | D:5      | Reached XP level 8. HP: 57/61 MP: 8/8
  3833 | D:5      | Reached skill level 1 in Poison Magic
  3852 | D:5      | Found a staircase to the Ecumenical Temple.
  3879 | Temple   | Entered the Ecumenical Temple
  3889 | Temple   | Became a worshipper of Warmaster Okawaru
  3932 | D:5      | Reached skill level 5 in Fighting
  3932 | D:5      | Reached skill level 1 in Evocations
  4068 | D:5      | Reached skill level 1 in Short Blades
  4116 | D:5      | Killed from afar by an orc priest

Illustrated notes

Levels and vault maps discovered:
D:1:      nicolae_arrival_washed_ashore, layout_basic
D:2:      layout_basic, shapermc_ecumenical_altar_pompeii, basic_altar
D:3:      layout_loops_ring
D:4:      layout_basic, uniq_blork_the_orc, uniq_pikel, uniq_robin
D:5:      layout_basic, jmf_multi_god_temple2, minmay_temple_entry_wispy,
          uniq_sigmund, uniq_crazy_yiuf_cottage, uniq_duvessa
Temple:   nicolae_temple_bog_church

Skill      XL: |  1  2  3  4  5  6  7  8 |
---------------+-------------------------+-----
Long Blades    | 4 5 6 |  6.0
Fighting       | 3 4 5 |  5.1
Throwing       | 3 4 |  4.4
Dodging        | 5 6 |  6.5
Stealth        | 1 3 4 |  4.0
Poison Magic   | 1 |  1.5
Evocations     | 1 |  1.3
Short Blades   | 1 |  1.2

Action                     |  1- 3 |  4- 6 |  7- 9 || total
---------------------------+-------+-------+-------++-------
  Melee: Long sword        |     8 |       |       ||     8
         Short sword       |    94 |   187 |   136 ||   417
         Punch             |     3 |     1 |     1 ||     5
  Throw: Javelin           |       |     1 |       ||     1
         Throwing net      |       |     1 |       ||     1
   Stab: Sleeping          |       |       |     2 ||     2
 Armour: Chain mail        |    52 |    47 |       ||    99
         Leather armour    |       |    18 |    11 ||    29
         Ring mail         |       |       |    37 ||    37
  Dodge: Dodged            |    33 |    83 |    78 ||   194

Table legend: (Time is in decaauts)
 A = Elapsed time spent in this place.
 B = Non-inter-level travel time spent in this place.
 C = Inter-level travel time spent in this place.
 D = Time resting spent in this place.
 E = Time spent auto-exploring this place.
 F = Levels seen in this place.
 G = Mean time per level.
                   A        B        C        D        E       F      G
               +--------+--------+--------+--------+--------+-----+--------+
         Total |   4051 |   3856 |    195 |    155 |   2627 |   6 |  675.2 |
       Dungeon |   4031 |   3845 |    186 |    155 |   2627 |   5 |  806.2 |
        Temple |     19 |     10 |      9 |      0 |      0 |   1 |   19.0 |
               +--------+--------+--------+--------+--------+-----+--------+

Top non-repeatable levels by time:
     D:2: 1037 daAuts
     D:4: 965 daAuts
     D:1: 868 daAuts
     D:3: 841 daAuts
     D:5: 317 daAuts
  Temple: 19 daAuts
